 Dungeon Crawl Stone Soup version 0.30-a0-279-g4b46babb21 (webtiles) character file.

Game seed: 2492489514015122170

129 purpskrrrp the Shooter (level 5, 0/38 HPs)
             Began as a Formicid Hunter on Oct 16, 2022.
             Succumbed to an adder's poison
             ... on level 2 of the Dungeon.
             The game lasted 00:03:08 (1505 turns).

purpskrrrp the Shooter (Formicid Hunter)            Turns: 1505, Time: 00:03:09

Health: 0/38       AC:  8    Str: 16    XL:     5   Next: 35%
Magic:  5/5        EV:  7    Int:  8    God:
Gold:   58         SH:  0    Dex: 19    Spells: 4/4 levels left

rFire   . . .      SeeInvis +    a - +0 shortbow
rCold   . . .      Faith    .    (no shield)
rNeg    . . .      Spirit   .    o - +0 chain mail
rPois   .          Reflect  .    (helmet unavailable)
rElec   .          Harm     .    (no cloak)
rCorr   .          Rampage  .    (no gloves)
Will    .....                    (no boots)
Stlth   ..........               (no amulet)
HPRegen 0.26/turn                (no ring)
MPRegen 0.09/turn                (no ring)

@: lethally poisoned (0 -> -4)
A: permanent stasis, dig shafts and tunnels, antennae 3, four strong arms
a: Dig, Shaft Self


You were on level 2 of the Dungeon.
You visited 1 branch of the dungeon, and saw 3 of its levels.

You collected 58 gold pieces.

Inventory:

Hand Weapons
 a - a +0 shortbow (weapon)
Missiles
 l - a throwing net
Armour
 c - a +0 leather armour
 i - a +0 scale mail
 k - a +0 ring mail
 o - a +0 chain mail (worn)
Scrolls
 b - a scroll of immolation
Potions
 d - a potion of flight {unknown}
 f - a potion of berserk rage {unknown}
 g - a potion of might {unknown}


   Skills:
 - Level 2.2 Fighting
 + Level 6.2 Ranged Weapons
 - Level 1.8 Dodging
 - Level 1.3 Stealth


You had 4 spell levels left.
You didn't know any spells.
Your spell library was empty.

Dungeon Overview and Level Annotations

Branches:
Dungeon (3/15)

Altars:


Innate Abilities, Weirdness & Mutations

You cannot be hasted, slowed, berserked, paralysed or teleported.
You can dig through walls and to a lower floor.
You have a pair of large antennae on your head. (SInv)
Your four strong arms can wield two-handed weapons with a shield.


Message History

You extend your mandibles.
Non-targeted abil: Dig
Press: ? - help, Q - select action, (/) - cycle Dir - look around, f - activate
Okay, then.
Unknown command.
Unknown command.
Fire: a) +0 shortbow
Press: ? - help, Shift-Dir - straight line, f/p - adder
Aim: an adder (50% to hit)
You shoot an arrow. The arrow closely misses the adder.
The adder barely misses you. The adder bites you.
* * * LOW HITPOINT WARNING * * *
Fire: a) +0 shortbow
Press: ? - help, Shift-Dir - straight line, f/p - adder
Aim: an adder (50% to hit)
You shoot an arrow. The arrow hits the adder.
The adder is moderately wounded.
The adder bites you but does no damage. x2
Fire: a) +0 shortbow
Press: ? - help, Shift-Dir - straight line, f/p - adder
Aim: an adder (moderately wounded, 50% to hit)
You shoot an arrow. The arrow hits the adder!
The adder is almost dead.
The adder barely misses you. The adder bites you.
* * * LOW HITPOINT WARNING * * *
You are lethally poisoned!
The adder poisons you!
Fire: a) +0 shortbow
Press: ? - help, Shift-Dir - straight line, f/p - adder
Aim: an adder (almost dead, 50% to hit)
You shoot an arrow. The arrow barely misses the adder.
* * * LOW HITPOINT WARNING * * *
You feel very sick. The adder barely misses you. x2
Fire: a) +0 shortbow
Press: ? - help, Shift-Dir - straight line, f/p - adder
Aim: an adder (almost dead, 50% to hit)
You shoot an arrow. The arrow hits the adder.
You kill the adder!
You die...

#.#########.##.##.## # #.#
##.#.#.## # #.# ##...## #
######.# ##.## # #......#
### #.# # #.######
##.#######.# # #.#
#........[.# # #.#
##.###.....# # #.#
#@##.###..######## #.#
#.##.# #.......... #.#
#..#.###.###.##### #.#
##.##...## ##.#### #.#
########.###...## #..... #.#
#..)............###.###.
#.###.######.###...###.## #.
#......#####.###..#...#####.
#####.......................


There were no monsters in sight!

Vanquished Creatures
  A scorpion (D:2)
  4 adders
  2 worms (D:2)
  2 dart slugs
  5 endoplasms
  3 giant cockroaches
  3 hobgoblins
  3 quokkas (D:1)
  3 ball pythons
  2 bats
  A frilled lizard (D:2)
  2 goblins
  5 kobolds
  2 rats
38 creatures vanquished.

Notes
Turn   | Place    | Note
-------+----------+-------------------------------------------
     0 | D:1      | purpskrrrp the Formicid Hunter began the quest for the Orb.
     0 | D:1      | Reached XP level 1. HP: 16/16 MP: 1/1
   268 | D:1      | Reached XP level 2. HP: 22/22 MP: 2/2
   520 | D:1      | Reached XP level 3. HP: 27/27 MP: 3/3
   796 | D:2      | Reached skill level 5 in Ranged Weapons
  1036 | D:2      | Reached XP level 4. HP: 32/33 MP: 4/4
  1213 | D:2      | Noticed a scorpion
  1217 | D:2      | Killed a scorpion
  1218 | D:2      | Reached skill level 6 in Ranged Weapons
  1218 | D:2      | Reached XP level 5. HP: 38/38 MP: 5/5
  1505 | D:2      | Succumbed to an adder's poison

Illustrated notes

Levels and vault maps discovered:
D:1:      ncdulo_smallfort, layout_basic
D:2:      layout_loops_ring
D:3:      layout_basic, uniq_terence

Skill      XL: |  1  2  3  4 |
---------------+-------------+-----
Ranged Weapons | 5 6 |  6.2
Fighting       | |  2.2
Dodging        | |  1.8
Stealth        | |  1.3

Action                   |  1- 3 |  4- 6 || total
-------------------------+-------+-------++-------
 Fire: Shortbow          |    88 |    37 ||   125
 Abil: Dig               |       |     1 ||     1
  Use: Scroll            |       |     4 ||     4
       Potion            |       |     1 ||     1
Armor: Leather armour    |     4 |       ||     4
       Scale mail        |    18 |     3 ||    21
       Chain mail        |       |    16 ||    16
Dodge: Dodged            |    22 |    21 ||    43

Table legend: (Time is in decaauts)
 A = Elapsed time spent in this place.
 B = Non-inter-level travel time spent in this place.
 C = Inter-level travel time spent in this place.
 D = Time resting spent in this place.
 E = Time spent auto-exploring this place.
 F = Levels seen in this place.
 G = Mean time per level.
                   A        B        C        D        E       F      G
               +--------+--------+--------+--------+--------+-----+--------+
         Total |   1562 |   1453 |    109 |      0 |   1150 |   3 |  520.7 |
       Dungeon |   1562 |   1453 |    109 |      0 |   1150 |   3 |  520.7 |
               +--------+--------+--------+--------+--------+-----+--------+

Top non-repeatable levels by time:
     D:2: 774 daAuts
     D:1: 731 daAuts
     D:3: 56 daAuts
